 Dungeon Crawl Stone Soup version 0.29.1-15-g9cfb28693d (webtiles) character file.

Game seed: 15272184404133913237

160 DemonSlayer the Digger (level 5, 0/52 HPs)
             Began as a Demonspawn Earth Elementalist on Apr 17, 2023.
             Killed by nerve-wracking pain
             ... invoked by an orc priest
              (10 damage)
             ... on level 3 of the Dungeon.
             The game lasted 00:08:00 (4391 turns).

DemonSlayer the Digger (DsEE)                       Turns: 4391, Time: 00:08:00

Health: 0/52       AC: 12    Str:  8    XL:     5   Next: 17%
Magic:  7/10       EV: 12    Int: 16    God:
Gold:   129        SH:  0    Dex: 16    Spells: 2/10 levels left

rFire   . . .      SeeInvis .   l - +0 dagger (vamp)
rCold   . . .      Faith    .   (no shield)
rNeg    . . .      Spirit   .   a - +1 robe
rPois   .          Reflect  .   (helmet restricted)
rElec   .          Harm     .   (no cloak)
rCorr   .          Rampage  .   (no gloves)
Will    .....                   (no boots)
Stlth   ..........              (no amulet)
HPRegen 0.17/turn               (no ring)
MPRegen 0.12/turn               (no ring)

@: berserking, sanguine armoured, very quick
A: horns 1, sanguine armour 2
a: no special abilities


You were on level 3 of the Dungeon.
You visited 1 branch of the dungeon, and saw 3 of its levels.

You collected 129 gold pieces.

Inventory:

Hand Weapons
 l - a +0 vampiric dagger (weapon)
Armour
 a - a +1 robe (worn)
 r - a +2 ring mail of willpower
Scrolls
 h - 2 scrolls of teleportation
 k - a scroll of magic mapping
Potions
 c - a potion of brilliance
 e - a potion of lignification {unknown}
 i - a potion of attraction {unknown}
 j - a potion of might {unknown}
 n - a potion of degeneration {unknown}
 o - a potion of invisibility
 p - a potion of haste {unknown}
 q - a potion of mutation {unknown}


   Skills:
 + Level 0.3 Short Blades
 + Level 1.9 Dodging
 + Level 2.8 Stealth
 + Level 0.1 Unarmed Combat
 + Level 3.4 Spellcasting
 + Level 0.8 Transmutations
 + Level 3.8 Earth Magic


You had 2 spell levels left.
You knew the following spells:

 Your Spells              Type           Power      Damage    Failure   Level
a - Sandblast             Erth           28%        2d8       3%          1
b - Blink                 Tloc           4%         N/A       26%         2
c - Stone Arrow           Conj/Erth      16%        3d8       24%         3
d - Passwall              Tmut/Erth      8%         N/A       11%         2

Your spell library contained the following spells:

 Spells                   Type           Power      Damage    Failure   Level
 Lesser Beckoning         Tloc           2%         N/A       47%         3
 Petrify                  Tmut/Erth      10%        N/A       56%         4
 Manifold Assault         Tloc           2%         N/A       99%         5


Dungeon Overview and Level Annotations

Branches:
Dungeon (3/15)

Altars:

Annotations:
D:3 Grinder


Innate Abilities, Weirdness & Mutations

You have a pair of small horns on your head.
When seriously injured, your blood forms thick armour. (AC +9)


Message History

The orc priest calls down the wrath of Beogh upon you.
Beogh smites you!
* * * LOW HITPOINT WARNING * * *
The orc completely misses you. The orc closely misses you.
The orc priest mumbles some strange prayers to Beogh against you.
Pain shoots through your body!
* * * LOW HITPOINT WARNING * * *
You feel much better.
Your blood armour dries and flakes away.
The orc priest looks braver for a moment.
The orc hits you with a +0 dagger.
Okay, then.
The blast of sand hits the orc priest but does no damage.
The orc priest completely misses you. The orc hits you with a +0 dagger.
The blast of sand hits the orc priest but does no damage.
The orc priest hits you with a +0 club. The orc hits you with a +0 dagger.
The orc misses you. The orc priest closely misses you.
The blast of sand hits the orc priest but does no damage.
The orc priest mumbles some strange prayers to Beogh against you.
Beogh smites you!
Your blood congeals into armour.
The orc barely misses you.
You are too injured to fight recklessly!
You are too injured to fight recklessly!
You are too injured to fight recklessly!
You are too injured to fight recklessly!
A red film seems to cover your vision as you go berserk!
You feel yourself moving faster!
You feel mighty!
The orc priest invokes the aid of Beogh against you.
Beogh smites you!
* * * LOW HITPOINT WARNING * * *
The orc closely misses you.
You hit the orc priest but do no damage.
You headbutt the orc priest, but do no damage.
The orc priest closely misses you. The orc misses you.
You barely miss the orc priest. You headbutt the orc priest!
The orc priest is almost dead.
You closely miss the orc priest.
The orc priest is almost dead.
The orc priest mumbles some strange prayers to Beogh against you.
Pain shoots through your body!
You die...

,,,,,,.......,*
,,,,,,.......######## *****
,,,,,,,,.......##...## *,,,,
**,******#...........## *,,,,
*,,* #............# *,,,, *,**
#............# *##.,,, ,,**
#............##*##..,,>, ,,,***
##............#*...*,,,,
,,,,,*****##...#@o.....##.#******
,,,,,,,,....####o#.....#..#,,.#
,,*,,.....#.....o........##...#
,**,,,....#####...........5...#
,,,,,,....,......##....####...#
,,,*,*#..##*#.....>....# *..##
,,,*,*#...###......o.### *.#*
,*,#,*#...[...####.#.######.#
,,,#.##...#.##*#.........#..#


You could see an orc priest and 2 orcs.

Vanquished Creatures
  Terence (D:2)
  An orc wizard (D:3)
  3 adders (D:2)
  A worm (D:2)
  2 dart slugs
  10 orcs
  4 ball pythons
  6 endoplasms
  A giant cockroach (D:2)
  5 goblins
  5 hobgoblins
  2 quokkas (D:1)
  8 bats
  12 frilled lizards
  5 kobolds
  2 rats (D:1)
68 creatures vanquished.

Vanquished Creatures (others)
  8 plants (D:1)
8 creatures vanquished.

Grand Total: 76 creatures vanquished

Notes
Turn   | Place    | Note
-------+----------+-------------------------------------------
     0 | D:1      | DemonSlayer the Demonspawn Earth Elementalist began the
                  | quest for the Orb.
     0 | D:1      | Reached XP level 1. HP: 13/13 MP: 3/3
   488 | D:1      | Gained mutation: You have a pair of small horns on your
                  | head. [demonic ancestry]
   488 | D:1      | Reached XP level 2. HP: 19/19 MP: 1/5
   980 | D:1      | Found a faded altar of an unknown god.
  1213 | D:1      | Reached XP level 3. HP: 24/24 MP: 6/6
  1216 | D:1      | Learned a level 2 spell: Blink
  1220 | D:1      | Learned a level 3 spell: Stone Arrow
  2094 | D:2      | Gained mutation: When seriously injured, your blood forms
                  | armour. (AC +9) [demonic ancestry]
  2094 | D:2      | Reached XP level 4. HP: 22/30 MP: 5/8
  2558 | D:2      | Learned a level 2 spell: Passwall
  3155 | D:2      | You fall into a shaft and drop 1 floor!
  3178 | D:3      | Noticed Terence
  3626 | D:2      | Killed Terence
  3827 | D:3      | Gained mutation: When seriously injured, your blood forms
                  | thick armour. (AC +9) [demonic ancestry]
  3827 | D:3      | Reached XP level 5. HP: 32/35 MP: 5/10
  4002 | D:3      | Noticed Grinder
  4391 | D:3      | Killed from afar by an orc priest

Illustrated notes

Levels and vault maps discovered:
D:1:      minmay_arrival_plants_in_alcoves, layout_basic,
          dreamdust_ecumenical_altar_grove, minmay_lizard_king
D:2:      layout_loops_ring, columned_hall_lemuel
D:3:      layout_rooms, amcnicky_mini_pool_small, uniq_grinder, uniq_terence,
          uniq_jessica

Skill      XL: |  1  2  3  4 |
---------------+-------------+-----
Earth Magic    | 3 |  3.8
Stealth        | 2 |  2.8
Spellcasting   | 3 |  3.4
Short Blades   | |  0.3
Dodging        | |  1.9
Unarmed Combat | |  0.1
Transmutations | |  0.8

Action                   |  1- 3 |  4- 6 || total
-------------------------+-------+-------++-------
Melee: Unarmed           |     8 |       ||     8
       Dagger            |    13 |    16 ||    29
       Club              |     5 |       ||     5
       Headbutt          |     2 |     8 ||    10
       Rapier            |       |     8 ||     8
 Cast: Sandblast         |    44 |    67 ||   111
  Use: Potion            |     1 |     6 ||     7
       Scroll            |       |    10 ||    10
 Stab: Sleeping          |     8 |     3 ||    11
Armor: Robe              |    12 |    31 ||    43
Dodge: Dodged            |    19 |    62 ||    81
